 Dungeon Crawl Stone Soup version 0.18.1-50-g88ac8fd (webtiles) character file.

4719 RudyRod the Sneak (level 10, -3/91 HPs)
             Began as a Naga Fighter on Oct 18, 2016.
             Was a Follower of Cheibriados.
             Slain by a centaur (5 damage)
             ... on level 8 of the Dungeon.
             The game lasted 00:53:16 (11603 turns).

RudyRod the Sneak (Naga Fighter)                   Turns: 11603, Time: 00:53:16

Health: -3/91      AC: 11    Str: 22    XL:     10   Next: 45%
Magic:  14/14      EV: 12    Int: 11    God:    Cheibriados [*.....]
Gold:   599        SH: 11    Dex: 17    Spells: 0 memorised, 14 levels left

rFire  + + .     SeeInvis +     a - +1 trident
rCold  + . .     Gourm    .     u - +1 ring mail "Vuwute" {rPois rF++ Dex+3} (curse)
rNeg   + . .     Faith    .     c - +0 shield
rPois  +         Spirit   .     j - +1 helmet
rElec  .         Dismiss  .     N - +0 cloak
rCorr  .         Reflect  .     (no gloves)
SustAt .         Harm     .     (no barding)
MR     +....                    (no amulet)
Stlth  +++.......               g - ring of protection from cold
                                G - ring of positive energy

@: very slow, somewhat resistant to hostile enchantments, fairly stealthy
A: see invisible, deformed body, poison resistance, slowness 2, slow metabolism
1, spit poison 2, AC +3
a: Spit Poison, Bend Time, Renounce Religion


You were on level 8 of the Dungeon.
You worshipped Cheibriados.
Cheibriados was aware of your devotion.
You were not hungry.

You visited 2 branches of the dungeon, and saw 9 of its levels.
You also visited: Ossuary and Bailey.

You collected 599 gold pieces.

Inventory:

Hand Weapons
 a - a +1 trident (weapon)
 d - a +3 quarterstaff of chaos
 e - a +1 hunting sling of freezing
Armour
 b - a +0 scale mail
 c - a +0 shield (worn)
 j - a +1 helmet (worn)
 s - a +0 cloak
 u - the cursed +1 ring mail "Vuwute" (worn) {rPois rF++ Dex+3}
   (You found it on level 8 of the Dungeon)

   It affects your dexterity (+3).
   It greatly protects you from fire.
   It protects you from poison.
   It has a curse placed upon it.
 D - a +0 leather armour
 N - a +0 cloak (worn)
 T - a steam dragon hide
Jewellery
 g - a ring of protection from cold (right hand)
 h - an uncursed ring of poison resistance
 l - an uncursed ring of magical power
 r - an uncursed ring of resist corrosion
 G - a ring of positive energy (left hand)
 Q - an uncursed ring of teleportation
Wands
 w - a wand of random effects (26/48)
 B - a wand of acid (12/15)
 R - a wand of slowing (26/48)
Scrolls
 f - 2 scrolls of recharging {unknown}
 k - a scroll of enchant armour {unknown}
 m - 2 scrolls of teleportation
 n - 3 scrolls of remove curse
 o - 4 scrolls of identify
 p - 7 scrolls of amnesia
 q - a scroll of noise {unknown}
 x - a scroll of random uselessness {unknown}
 y - 2 scrolls of fog {unknown}
 H - a scroll of summoning {unknown}
 I - 2 scrolls of blinking
 P - a scroll of fear
Potions
 i - 3 potions of curing {unknown}
 t - 3 potions of brilliance {unknown}
 z - a potion of magic {unknown}
 C - 2 potions of lignification {unknown}
 F - a potion of mutation {unknown}
 J - 2 potions of haste
 K - a potion of resistance
 O - a potion of cancellation {unknown}
 S - a potion of flight
Miscellaneous
 M - a plain deck of wonders
Comestibles
 v - 2 slices of pizza
 A - 3 fruits
 E - 7 bread rations
 L - 5 meat rations
 U - 7 beef jerkies


   Skills:
 + Level 5.8 Fighting
 + Level 5.3 Polearms
 + Level 5.1 Armour
 * Level 6.5 Dodging
 * Level 7.2 Stealth
 * Level 6.3 Shields
 + Level 2.9 Spellcasting


You had 14 spell levels left.
You didn't know any spells.

Dungeon Overview and Level Annotations

Branches:
Dungeon (8/15)             Temple (1/1) D:7
   Lair: D:8-11

Altars:
Ashenzari
Cheibriados
Dithmenos
Elyvilon
Fedhas
Gozag
Makhleb
Nemelex Xobeh
Okawaru
Pakellas
Qazlal
Ru
Trog
Vehumet
Xom
Yredelemnul
Zin
The Shining One

Shops:
D:8 (

Annotations:
D:6 exclusion: statue


Innate Abilities, Weirdness & Mutations

You cannot wear boots.
Your serpentine skin is tough (AC +3).
You have supernaturally acute eyesight.
Armour fits poorly on your strangely shaped body.
Your system is resistant to poisons.
You cover ground very slowly.
You have a slow metabolism.
You can spit poison.


Message History

You block the arrow.
The centaur unwields an uncursed shortbow.
You block the centaur's attack. The centaur hits you.
* * * LOW HITPOINT WARNING * * *
Things that are here:
2 arrows; an iguana corpse; a komodo dragon corpse You puncture the centaur!
The centaur is moderately wounded.
The centaur closely misses you. You block the centaur's attack.
You barely miss the centaur.
The centaur is moderately wounded.
The centaur hits you but does no damage.
You block the centaur's attack.
You hit the centaur.
The centaur is heavily wounded.
The centaur hits you but does no damage.
You hit the centaur.
The centaur is severely wounded.
The centaur hits you.
You die...

##### .# ####...###
...###############.†.###...
........#.##..##..#####..##
#.........###....## ####
#.(.c@(....## ######.#####
###


You could see a centaur.

Vanquished Creatures
  The ghost of lorenzova the Ducker, a novice MfSk of Yredelemnul (D:6)
  A komodo dragon (D:8)
  The ghost of lorenzova the Ducker, an amateur MfSk (D:3)
  A steam dragon (D:7)
  A mottled dragon (D:7)
  2 water moccasins
  3 ice beasts
  2 sky beasts
  An orc warrior (D:7)
  2 black bears
  2 ogres (D:7)
  A phantom (D:7)
  5 centaurs
  A crocodile (D:8)
  2 big kobolds (D:7)
  A giant frog (D:7)
  2 scorpions (D:8)
  A killer bee (D:6)
  5 crimson imps
  4 hounds
  2 jellies
  An orc priest (D:6)
  2 centaur skeletons
  4 orc wizards
  A giant frog skeleton (D:8)
  Crazy Yiuf (D:2)
  7 iguanas
  9 worker ants
  A big kobold zombie (Ossuary)
  A hound zombie (D:7)
  A hound skeleton (D:7)
  8 mummies (Ossuary)
  Robin (D:2)
  10 adders
  16 gnolls
  2 shadow imps
  An ooze (D:4)
  An adder zombie (D:6)
  An adder skeleton (D:4)
  2 worms
  2 dart slugs
  3 giant geckos (D:3)
  32 orcs
  4 giant cockroaches
  A gnoll zombie (Ossuary)
  23 goblins
  10 hobgoblins
  13 jackals
  18 kobolds
  7 quokkas
  6 ball pythons
  9 bats
  6 giant newts
  2 hobgoblin zombies (Ossuary)
  3 kobold zombies (Ossuary)
  An orc zombie (Ossuary)
  A quokka skeleton (D:5)
  A quokka zombie (D:7)
  14 rats
267 creatures vanquished.

Notes
Turn   | Place    | Note
--------------------------------------------------------------
     0 | D:1      | RudyRod the Naga Fighter began the quest for the Orb.
     0 | D:1      | Reached XP level 1. HP: 21/21 MP: 1/1
   228 | D:1      | Reached XP level 2. HP: 24/28 MP: 2/2
   698 | D:1      | Reached XP level 3. HP: 33/34 MP: 4/4
  1575 | D:2      | Found an opulent altar of Gozag.
  1591 | D:2      | Reached XP level 4. HP: 38/42 MP: 5/5
  1607 | D:2      | Reached skill level 1 in Spellcasting
  1609 | D:2      | Reached skill level 1 in Dodging
  1662 | D:2      | Found an iron altar of Okawaru.
  1663 | D:2      | Found a shimmering altar of Xom.
  1686 | D:2      | Noticed Crazy Yiuf
  1689 | D:2      | Killed Crazy Yiuf
  1831 | D:2      | Noticed Robin
  1866 | D:2      | Killed Robin
  1866 | D:2      | Reached XP level 5. HP: 11/49 MP: 6/6
  2349 | D:3      | Found a burning altar of Makhleb.
  2362 | D:3      | Noticed lorenzova's ghost (amateur MfSk)
  3278 | D:3      | Killed lorenzova's ghost
  3278 | D:3      | Reached XP level 6. HP: 23/57 MP: 7/9
  3995 | D:4      | Reached XP level 7. HP: 44/63 MP: 10/10
  4900 | D:4      | Found an iron altar of Okawaru.
  4968 | D:5      | Entered Level 5 of the Dungeon
  5033 | D:4      | Reached skill level 1 in Stealth
  5475 | D:5      | Reached skill level 2 in Stealth
  5570 | D:5      | Reached XP level 8. HP: 52/72 MP: 12/12
  5818 | D:5      | Reached skill level 3 in Stealth
  5823 | D:5      | Found a shattered altar of Ashenzari.
  6414 | D:6      | Noticed lorenzova's ghost (novice MfSk)
  6435 | D:6      | Found a shattered altar of Ashenzari.
  6460 | D:6      | Killed lorenzova's ghost
  6460 | D:6      | Reached skill level 4 in Stealth
  6460 | D:6      | Reached XP level 9. HP: 29/79 MP: 13/13
  6874 | D:6      | Found a sand-covered staircase.
  6879 | Ossuary  | Entered an ossuary
  7691 | D:6      | Reached skill level 5 in Dodging
  8187 | D:6      | Found a radiant altar of Vehumet.
  8410 | D:6      | Reached skill level 5 in Shields
  8655 | D:6      | Reached skill level 5 in Fighting
  8655 | D:6      | Reached skill level 5 in Stealth
  8663 | D:7      | Found a sparkling altar of Nemelex Xobeh.
  8801 | D:7      | Found a staircase to the Ecumenical Temple.
  8844 | D:7      | Found a flagged portal.
  8850 | Bailey   | Entered a bailey
  8902 | Bailey   | Found an iron altar of Okawaru.
  8902 | Bailey   | Noticed an orc high priest
  8902 | Bailey   | Noticed a kobold demonologist
  8935 | Bailey   | Noticed a sixfirhy
  9342 | D:7      | Found a basalt altar of Yredelemnul.
  9358 | Temple   | Entered the Ecumenical Temple
  9662 | D:7      | Reached skill level 5 in Armour
  9662 | D:7      | Reached skill level 6 in Stealth
 10029 | D:7      | Reached XP level 10. HP: 85/88 MP: 14/14
 10393 | D:7      | Found a bloodstained altar of Trog.
 10677 | D:7      | Reached skill level 5 in Polearms
 10801 | D:8      | Found Nedexzir's Antique Weapon Shoppe.
 10803 | D:8      | Found a snail-covered altar of Cheibriados.
 10819 | D:8      | Got a spiked ring mail
 10830 | D:8      | Identified the cursed +1 ring mail "Vuwute" {rPois rF++ Dex+3} (You found it on level 8 of the Dungeon)
 10843 | D:8      | Became a worshipper of Cheibriados the Contemplative
 11134 | D:8      | Reached skill level 7 in Stealth
 11549 | D:8      | Reached * piety under Cheibriados
 11596 | D:8      | HP: 4/91 [iguana (12)]
 11599 | D:8      | HP: 1/91 [centaur (4)]
 11603 | D:8      | Slain by a centaur

Skill      XL: |  1  2  3  4  5  6  7  8  9 10 |
---------------+-------------------------------+-----
Armour         | 3 4 5 |  5.1
Spellcasting   | 1 2 |  2.9
Dodging        | 1 2 3 4 5 6 |  6.5
Shields        | 3 4 5 6 |  6.3
Fighting       | 4 5 |  5.8
Stealth        | 2 4 6 7 |  7.2
Polearms       | 3 4 5 |  5.3

Action                   |  1- 3 |  4- 6 |  7- 9 | 10-12 || total
-------------------------+-------+-------+-------+-------++-------
Melee: Trident           |   114 |   228 |   857 |   235 ||  1434
 Abil: Spit Poison       |    30 |    35 |    36 |     3 ||   104
  Use: Potion            |       |     5 |     2 |       ||     7
       Scroll            |       |       |    12 |       ||    12
 Stab: Sleeping          |       |       |     1 |     6 ||     7
  Eat: Chunk             |     3 |     6 |     7 |     3 ||    19
       Bread ration      |       |     1 |     2 |       ||     3
       Royal jelly       |       |       |     1 |       ||     1
       Beef jerky        |       |       |       |     1 ||     1
Armor: Scale mail        |    48 |   146 |   361 |    34 ||   589
       Ring mail         |       |       |       |    26 ||    26
Dodge: Dodged            |    21 |    66 |   269 |    82 ||   438
Block: Shield            |    46 |   156 |   452 |   122 ||   776
